 Dungeon Crawl Stone Soup version 0.19.5 (webtiles) character file.

78 Hybris the Chopper (level 4, 0/52 HPs)
             Began as a Demonspawn Berserker on Mar 23, 2017.
             Was a Believer of Trog.
             Slain by an iron imp (6 damage)
             ... summoned by Natasha
             ... on level 2 of the Dungeon.
             The game lasted 00:04:33 (2867 turns).

Hybris the Chopper (Demonspawn Berserker)           Turns: 2867, Time: 00:04:34

Health: 0/52       AC: 11    Str: 22 (23) XL:     4   Next: 15%
Magic:  0/4        EV: 12    Int:  8 (9)  God:    Trog [**....]
Gold:   81         SH:  0    Dex: 11 (12) Spells: 0 memorised, 3 levels left

rFire  . . .     SeeInvis .     a - +0 hand axe
rCold  . . .     Gourm    .     e - +0 ring mail
rNeg   + . .     Faith    .     (no shield)
rPois  .         Spirit   +     (helmet restricted)
rElec  .         Reflect  .     (no cloak)
rCorr  .         Harm     .     (no gloves)
MR     .....                    (no boots)
Stlth  ..........               (no amulet)
                                h - ring of positive energy
                                d - +1 ring of evasion

@: berserking, sanguine armour, very quick
A: antennae 1, magic shield, sanguine armour 1
a: Berserk, Trog's Hand, Burn Spellbooks, Renounce Religion


You were on level 2 of the Dungeon.
You worshipped Trog.
Trog was pleased with you.
You were hungry.

You visited 1 branch of the dungeon, and saw 2 of its levels.

You collected 81 gold pieces.

Inventory:

Hand Weapons
 a - a +0 hand axe (weapon)
 i - a +1 hunting sling of freezing
Missiles
 k - 81 stones (quivered)
Armour
 b - a +0 animal skin
 e - a +0 ring mail (worn)
Jewellery
 d - a +1 ring of evasion (left hand)
 h - a ring of positive energy (right hand)
 m - an uncursed amulet of faith {unknown}
 p - an uncursed ring of fire {unknown}
 u - an uncursed ring of wizardry {unknown}
Scrolls
 g - a scroll of random uselessness {unknown}
 l - a scroll of amnesia {unknown}
 n - 2 scrolls of fear {unknown}
 o - a scroll of teleportation {unknown}
 q - 2 scrolls of identify {unknown}
Potions
 j - 2 potions of degeneration
Comestibles
 c - 2 bread rations
 r - a slice of pizza
 s - 2 meat rations
 t - 4 chunks of flesh


   Skills:
 - Level 3.0 Fighting
 + Level 4.5 Axes
 - Level 1.7 Armour
 - Level 1.7 Dodging


You had 3 spell levels left.
You didn't know any spells.

Dungeon Overview and Level Annotations

Branches:
Dungeon (2/15)

Altars:

Annotations:
D:2 Natasha


Innate Abilities, Weirdness & Mutations

You have a pair of small antennae on your head.
When hurt, damage is shared between your health and your magic reserves.
When seriously injured, your bleeding wounds create armour. (AC +6)


Message History

You hit the iron imp but do no damage. Natasha casts a spell at you.
The magic dart hits you!
* * * LOW HITPOINT WARNING * * *
The iron imp hits you.
* * * LOW HITPOINT WARNING * * *
You slash Natasha!
Natasha is almost dead.
You closely miss the iron imp. Natasha barely misses you.
The iron imp hits you but does no damage.
You miss Natasha.
Natasha is almost dead.
You slash the iron imp! Natasha casts a spell at you. The magic dart hits you!
* * * LOW HITPOINT WARNING * * *
You closely miss Natasha.
Natasha is almost dead.
You closely miss the iron imp. The iron imp hits you!
You die...

########## #.........
#.....##+###### ######
#..<).#........
.....#####รท....#5h......
.........#.#.###@.......
.....###.#.#.###........ .....#
#.#.#......###### .....#
#.#.#################### .....#
#.#..................... .....#
#.................#######
.....###################.#...#..
.......................#.#.#.#.#
.......#.##.##########.#.#.#.#.#


You could see an iron imp and Natasha.

Vanquished Creatures
  2 adders (D:2)
  A worm (D:2)
  2 dart slugs
  3 leopard geckos
  5 bats
  5 giant cockroaches
  5 goblins
  4 hobgoblins
  2 jackals (D:1)
  7 frilled lizards
  6 kobolds
  7 rats
49 creatures vanquished.

Notes
Turn   | Place    | Note
-------+----------+-------------------------------------------
     0 | D:1      | Hybris the Demonspawn Berserker began the quest for the Orb.
     0 | D:1      | Reached XP level 1. HP: 18/18 MP: 1/1
   172 | D:1      | Reached skill level 3 in Axes
   177 | D:1      | HP: 1/27 [leopard gecko (3)]
   180 | D:1      | Gained mutation: When hurt, damage is shared between your health and your magic reserves. [demonic ancestry]
   180 | D:1      | Reached XP level 2. HP: 2/24 MP: 2/2
  1657 | D:2      | Gained mutation: You have a pair of small antennae on your head. [demonic ancestry]
  1657 | D:2      | Reached XP level 3. HP: 17/29 MP: 1/3
  1928 | D:2      | Reached ** piety under Trog
  1928 | D:2      | Reached skill level 4 in Axes
  2571 | D:2      | Gained mutation: When seriously injured, your bleeding wounds create armour. (AC +6) [demonic ancestry]
  2571 | D:2      | Reached XP level 4. HP: 29/35 MP: 4/4
  2851 | D:2      | Noticed Natasha
  2867 | D:2      | Slain by an iron imp

Skill      XL: |  1  2  3 |
---------------+----------+-----
Axes           | 3 4 |  4.5
Fighting       | |  3.0
Armour         | |  1.7
Dodging        | |  1.7

Action                   |  1- 3 |  4- 6 || total
-------------------------+-------+-------++-------
Melee: Hand axe          |   128 |    37 ||   165
Invok: Berserk           |     2 |     1 ||     3
  Use: Potion            |       |     2 ||     2
  Eat: Chunk             |     7 |     1 ||     8
Armor: Ring mail         |    36 |    10 ||    46
       Animal skin       |     1 |       ||     1
Dodge: Dodged            |    72 |    27 ||    99
